 Dungeon Crawl Stone Soup version 0.30-a0-760-g5a9884bb7c (webtiles) character file.

Game seed: 2610300750915977279

18 Dittersdorf the Trooper (level 2, -1/19 HPs)
             Began as a Gargoyle Fighter on Feb 10, 2023.
             Slain by a goblin
             ... wielding a +0 dagger
              (3 damage)
             ... on level 1 of the Dungeon.
             The game lasted 00:00:31 (227 turns).

Dittersdorf the Trooper (Gargoyle Fighter)           Turns: 227, Time: 00:00:32

Health: -1/19      AC:  9    Str: 19    XL:     2   Next: 66%
Magic:  2/2        EV:  9    Int:  8    God:
Gold:   12         SH:  4    Dex:  9    Spells: 1/1 levels left

rFire   + . .      SeeInvis .    a - +0 flail
rCold   + . .      Faith    .    c - +0 buckler
rNeg    + . .      Spirit   .    b - +0 scale mail
rPois   ∞          Reflect  .    (no helmet)
rElec   +          Harm     .    g - scarf {rC+ rF+}
rCorr   .          Rampage  .    (no gloves)
Will    .....                    (no boots) Stlth
                                 (no amulet)
HPRegen 0.23/turn                (no ring)
MPRegen 0.08/turn                (no ring)

@: no status effects
A: sickness immunity, AC +2, negative energy resistance 1, electricity
resistance, torment resistance 1, petrification resistance
a: no special abilities


You were on level 1 of the Dungeon.
You visited 1 branch of the dungeon, and saw 1 of its levels.

You collected 12 gold pieces.

Inventory:

Hand Weapons
 a - a +0 flail (weapon)
Armour
 b - a +0 scale mail (worn)
 c - a +0 buckler (worn)
 g - a scarf of resistance (worn)
Scrolls
 e - a scroll of fear {unknown}
 f - a scroll of teleportation {unknown}
Potions
 d - a potion of might
 h - a potion of flight {unknown}


   Skills:
 + Level 3.5 Fighting
 + Level 2.3 Maces & Flails
 + Level 3.5 Armour
 + Level 3.5 Shields


You had one spell level left.
You didn't know any spells.
Your spell library was empty.

Dungeon Overview and Level Annotations

Branches:
Dungeon (1/15)

Altars:


Innate Abilities, Weirdness & Mutations

You are immune to sickness and miasma.
Your stone body is resilient. (AC +2)
You are immune to poison.
You resist negative energy. (rN+)
You are resistant to electric shocks. (rElec)
You are resistant to unholy torment.
You are immune to petrification.


Message History

The giant cockroach attacks as you move away!
The giant cockroach closely misses you. The giant cockroach closely misses you.
You sock the giant cockroach!
You kill the giant cockroach!
You barely miss the ball python.
The ball python bites you but does no damage.
The ball python misses you.
The ball python bites you but does no damage.
You block the ball python's attack.
You completely miss the ball python.
The ball python bites you but does no damage.
The ball python grabs you. The ball python constricts you.
The ball python barely misses you. The ball python constricts you.
You barely miss the ball python. The ball python bites you.
The ball python constricts you.
You barely miss the ball python.
The ball python bites you but does no damage.
The ball python constricts you.
The ball python bites you but does no damage.
The ball python constricts you.
You barely miss the ball python. The ball python bites you.
* * * LOW HITPOINT WARNING * * *
The ball python constricts you. The ball python bites you.
* * * LOW HITPOINT WARNING * * *
The ball python constricts you.
You thump the ball python!
You kill the ball python!
You hit the goblin.
You kill the goblin!
You sock the dart slug!
The dart slug is severely wounded.
The dart slug bites you.
* * * LOW HITPOINT WARNING * * *
You sock the dart slug!
You kill the dart slug!
You hit the goblin.
The goblin is almost dead.
The goblin barely misses you. The goblin hits you with a +0 dagger.
You die...

#.~#~.# ..........##
#+###'# #..........##
#..#..#.#...w....?$..
####......#..........#
#......####..........#
#.....## #.....g....#
###.##########........#
#...........###......##
##..#######@###)..####
#.## #...#g##S>...##
#.# #...#.#.......# #.#
#...#..g).....# . #.#
#.....#.......# .. #.#
#...#.##.....## .≈. #.#
#...#.........##....
#.#
###)###............#
##.#
###.................


You could see a goblin.

Vanquished Creatures
  A dart slug (D:1)
  An endoplasm (D:1)
  A giant cockroach (D:1)
  3 goblins (D:1)
  A quokka (D:1)
  2 ball pythons (D:1)
  A frilled lizard (D:1)
  3 kobolds (D:1)
  3 rats (D:1)
16 creatures vanquished.

Notes
Turn   | Place    | Note
-------+----------+-------------------------------------------
     0 | D:1      | Dittersdorf the Gargoyle Fighter began the quest for the
                  | Orb.
     0 | D:1      | Reached XP level 1. HP: 14/14 MP: 1/1
   169 | D:1      | Reached XP level 2. HP: 7/19 MP: 2/2
   227 | D:1      | Slain by a goblin

Illustrated notes

Levels and vault maps discovered:
D:1:      tarquinn_simple_flora_water_d, layout_rooms,
          nicolae_kite_square_tiling_tiny, kennysheep_minor_cross

Action                     || total
---------------------------++-------
  Melee: Flail             ||    51
 Armour: Scale mail        ||    26
  Dodge: Dodged            ||    22
  Block: Buckler           ||     9

Table legend: (Time is in decaauts)
 A = Elapsed time spent in this place.
 B = Non-inter-level travel time spent in this place.
 C = Inter-level travel time spent in this place.
 D = Time resting spent in this place.
 E = Time spent auto-exploring this place.
 F = Levels seen in this place.
 G = Mean time per level.
                   A        B        C        D        E       F      G
               +--------+--------+--------+--------+--------+-----+--------+
         Total |    243 |    243 |      0 |     22 |     97 |   1 |  243.0 |
       Dungeon |    243 |    243 |      0 |     22 |     97 |   1 |  243.0 |
               +--------+--------+--------+--------+--------+-----+--------+

Top non-repeatable levels by time:
     D:1: 243 daAuts
